 Dungeon Crawl Stone Soup version 0.21.1-1-g345015fe64 (webtiles) character file.

560 PikkenKukken the Vandal (level 7, -1/59 HPs)
             Began as a Centaur Hunter on June 24, 2018.
             Was an Initiate of the Shining One.
             Slain by an ogre
             ... wielding a +0 giant club
              (14 damage)
             ... in the Ecumenical Temple.
             The game lasted 00:16:20 (4600 turns).

PikkenKukken the Vandal (Centaur Hunter)            Turns: 4600, Time: 00:16:21

Health: -1/59      AC:  7    Str: 18    XL:     7   Next: 9%
Magic:  7/7        EV:  8    Int: 10    God:    the Shining One [......]
Gold:   167        SH:  0    Dex: 12    Spells: 6/6 levels left

rFire    . . .     SeeInvis .   b - +1 rapier (protect)
rCold    . . .     Gourm    .   (no shield)
rNeg     . . .     Faith    .   m - +0 scale mail
rPois    +         Spirit   .   (no helmet)
rElec    .         Reflect  .   (no cloak)
rCorr    .         Harm     .   g - +0 pair of gloves
MR       .....                  (no barding)
Stlth    ..........             (no amulet)
HPRegen  0.19/turn              i - +4 ring of strength
MPRegen  0.10/turn              k - ring of poison resistance

@: glowing, very quick
A: large, hooves 3, deformed body, speed 2, tough skin 3
a: Renounce Religion


You were in the Ecumenical Temple.
You worshipped the Shining One.
The Shining One was noncommittal.
You were not hungry.

You visited 2 branches of the dungeon, and saw 7 of its levels.

You collected 167 gold pieces.

Inventory:

Hand Weapons
 a - a +2 hunting sling
 b - a +1 rapier of protection (weapon)
 h - a +0 short sword
Missiles
 c - 7 javelins
 e - 7 exploding tomahawks (quivered)
 j - 93 stones
 n - 59 arrows
 p - 4 poisoned javelins
 r - 47 bolts
 v - 6 sling bullets
Armour
 g - a +0 pair of gloves (worn)
 m - a +0 scale mail (worn)
Jewellery
 i - a +4 ring of strength (left hand)
 k - a ring of poison resistance (right hand)
Wands
 d - a wand of iceblast (9)
Scrolls
 l - a scroll of amnesia
 q - 3 scrolls of remove curse
 t - a scroll of summoning {unknown}
Potions
 o - 2 potions of curing
 u - a potion of invisibility
Comestibles
 f - 9 rations


   Skills:
 + Level 4.0 Fighting
 + Level 1.7 Short Blades
 + Level 5.9 Slings
 + Level 2.3 Armour
 + Level 3.0 Dodging
 - Level 0.4 Stealth


You had 6 spell levels left.
You didn't know any spells.

Dungeon Overview and Level Annotations

Branches:
Dungeon (6/15)             Temple (1/1) D:6

Altars:
Ashenzari
Elyvilon
Fedhas
Gozag
Hepliaklqana
Kikubaaqudgha
Makhleb
Nemelex Xobeh
Okawaru
Qazlal
Ru
Sif Muna
Trog
Uskayaw
Vehumet
Wu Jian
Xom
Yredelemnul
The Shining One

Annotations:
D:6 2 runed doors


Innate Abilities, Weirdness & Mutations

You have hooves in place of feet.
Armour fits poorly on your strangely shaped body.
You cover ground very quickly.
You have extremely tough skin. (AC +3)


Message History

The ogre hits you with a giant club!! The orc hits you with a whip.
The phantom closely misses you.
There is a staircase to the Ecumenical Temple, spattered with blood here.
The ogre barely misses you. The orc hits you but does no damage.
The orc priest calls down the wrath of Beogh upon you.
Beogh smites you!
* * * LOW HITPOINT WARNING * * *
The phantom hits you.
* * * LOW HITPOINT WARNING * * *
You climb downwards.
Welcome back to the Ecumenical Temple!
There is a staircase back to the Dungeon, spattered with blood here.
Things that are here:
a leather armour; a hand axe The orc barely misses you.
Things that are here:
a robe; a dagger You hit the bush but do no damage.
You kick the bush!
The bush is lightly damaged.
The orc hits you but does no damage. The ogre hits you with a giant club!
You die...

.....♣♣♣♣ ........♣♣
.........♣♣♣
.♣....P....♣♣♣♣♣♣♣
P................♣♣
...P........PP.P..♣
....♣..PP.....P..♣♣♣♣
...............P....♣♣♣
..............PP@O....♣♣
.♣.......♣♣♣.P..oW.....♣♣
..P.......♣...PP..<[P...♣
...PP♣P.......P.........♣
......................♣♣♣
♣....PPPP..P......♣♣♣♣♣
♣♣♣♣♣♣PPPP....♣♣♣♣♣
♣♣♣♣♣♣♣♣♣♣


You could see a phantom, an ogre and an orc.

Vanquished Creatures
  A centaur (D:5)
  A bullfrog (Temple)
  A scorpion (D:5)
  2 crimson imps (D:3)
  An iguana (Temple)
  Ijyb (D:4)
  2 orc wizards (Temple)
  2 worker ants (D:5)
  3 adders
  4 gnolls (D:3)
  An adder skeleton (D:4)
  A worm (D:2)
  2 leopard geckos
  7 orcs
  12 bats
  2 giant cockroaches (D:1)
  9 goblins
  4 hobgoblins
  6 jackals (D:2)
  2 quokkas
  2 ball pythons
  4 frilled lizards
  5 kobolds
  9 rats
84 creatures vanquished.

Notes
Turn   | Place    | Note
-------+----------+-------------------------------------------
     0 | D:1      | PikkenKukken the Centaur Hunter began the quest for the Orb.
     0 | D:1      | Reached XP level 1. HP: 17/17 MP: 1/1
   147 | D:1      | Reached XP level 2. HP: 24/24 MP: 2/2
   913 | D:2      | Reached XP level 3. HP: 30/30 MP: 3/3
  1328 | D:2      | Reached skill level 1 in Armour
  2184 | D:3      | Reached XP level 4. HP: 37/37 MP: 4/4
  2233 | D:3      | Reached skill level 5 in Slings
  2310 | D:3      | Reached XP level 5. HP: 45/45 MP: 5/5
  2633 | D:3      | Found a faded altar of an unknown god.
  3042 | D:4      | Found a burning altar of Makhleb.
  3170 | D:5      | Entered Level 5 of the Dungeon
  3319 | D:5      | Noticed Ijyb
  3368 | D:4      | Killed Ijyb
  3368 | D:4      | Reached XP level 6. HP: 51/51 MP: 6/6
  3538 | D:5      | Reached skill level 1 in Short Blades
  3811 | D:5      | Noticed a sky beast
  3851 | D:6      | Found a runed door.
  3859 | D:6      | Found a runed door.
  3891 | D:6      | Found a staircase to the Ecumenical Temple.
  3899 | Temple   | Entered the Ecumenical Temple
  3927 | Temple   | HP: 2/52 [iguana (6)]
  4302 | Temple   | Became a worshipper of the Shining One
  4349 | Temple   | Reached XP level 7. HP: 58/58 MP: 7/7
  4600 | Temple   | Slain by an ogre

Skill      XL: |  1  2  3  4  5  6  7 |
---------------+----------------------+-----
Armour         | 1 2 |  2.3
Dodging        | 2 3 |  3.0
Slings         | 5 |  5.9
Fighting       | 3 4 |  4.0
Short Blades   | 1 |  1.7
Stealth        | |  0.4

Action                   |  1- 3 |  4- 6 |  7- 9 || total
-------------------------+-------+-------+-------++-------
Melee: Short sword       |    43 |    20 |       ||    63
       Kick              |     8 |    15 |     2 ||    25
       Rapier            |       |    41 |     8 ||    49
 Fire: Hunting sling     |   103 |    95 |       ||   198
  Use: Potion            |     3 |     3 |       ||     6
       Scroll            |     5 |     2 |       ||     7
  Eat: Chunk             |     2 |     5 |     2 ||     9
Armor: Leather armour    |     9 |       |       ||     9
       Scale mail        |    28 |    63 |     6 ||    97
Dodge: Dodged            |    25 |    58 |     4 ||    87
